 Dungeon Crawl Stone Soup version 0.28-a0-983-g1de4e0787c (webtiles) character file.

Game seed: 8129469676587468935

1997 Ijustatesigmund the Cleaver (level 9, -1/83 HPs)
             Began as a Hill Orc Fighter on Dec 3, 2021.
             Was an Initiate of Cheibriados.
             Slain by Harold (17 damage)
             ... on level 7 of the Dungeon.
             The game lasted 00:09:09 (7347 turns).

Ijustatesigmund the Cleaver (Hill Orc Fighter)      Turns: 7347, Time: 00:09:09

Health: -1/83      AC: 12    Str: 20    XL:     9   Next: 21%
Magic:  10/10      EV:  5    Int: 13    God:    Cheibriados [......]
Gold:   445        SH:  9    Dex: 17    Spells: 8/8 levels left

rFire   + . .      SeeInvis .   a - +0 war axe
rCold   . . .      Faith    .   c - +0 kite shield
rNeg    . . .      Spirit   .   b - +0 chain mail {Will+}
rPois   .          Reflect  .   (no helmet)
rElec   .          Harm     .   w - +0 cloak
rCorr   .          Rampage  .   (no gloves)
Will    +....                   k - +0 pair of boots
Stlth   ..........              (no amulet)
HPRegen 0.23/turn               n - ring of protection from fire
MPRegen 0.12/turn               o - +6 ring of dexterity

@: mighty, very slow
A: no striking features
a: Renounce Religion


You were on level 7 of the Dungeon.
You worshipped Cheibriados.
Cheibriados was noncommittal.
You visited 2 branches of the dungeon, and saw 8 of its levels.

You collected 445 gold pieces.

Inventory:

Hand Weapons
 a - a +0 war axe (weapon)
 p - a +1 flail of holy wrath
Armour
 b - a +0 chain mail of willpower (worn)
 c - a +0 kite shield (worn)
 k - a +0 pair of boots (worn)
 w - a +0 cloak (worn)
Jewellery
 n - a ring of protection from fire (left hand)
 o - a +6 ring of dexterity (right hand)
 A - a ring of flight
Wands
 s - a wand of flame (20)
 z - a wand of iceblast (9)
Scrolls
 m - a scroll of teleportation
 r - 2 scrolls of amnesia
 t - a scroll of fear
 u - 3 scrolls of fog
 y - a scroll of silence
Potions
 e - 2 potions of ambrosia
 f - 2 potions of cancellation
 g - a potion of invisibility
 h - 8 potions of curing
 i - a potion of resistance
 j - a potion of lignification
 l - a potion of mutation {unknown}
 q - a potion of heal wounds {unknown}
 v - 2 potions of brilliance {unknown}
 x - a potion of degeneration {unknown}


   Skills:
 + Level 9.1 Fighting
 + Level 11.3 Axes
 + Level 5.5 Armour
 - Level 3.2 Shields
 + Level 1.7 Invocations


You had 8 spell levels left.
You didn't know any spells.
Your spell library contained the following spells:

 Spells                   Type           Power      Damage    Failure   Level
 Beastly Appendage        Tmut           0%         N/A       100%        1
 Foxfire                  Conj/Fire      0%         2x1d4     100%        1
 Corpse Rot               Necr/Air       0%         N/A       100%        2
 Scorch                   Fire           0%         2d5       100%        2
 Sublimation of Blood     Necr           0%         N/A       100%        2
 Wereblood                Tmut           0%         N/A       100%        2
 Confusing Touch          Hex            0%         N/A       100%        3
 Conjure Flame            Conj/Fire      0%         6-21      100%        3
 Inner Flame              Hex/Fire       0%         N/A       100%        3
 Spider Form              Tmut/Pois      0%         N/A       100%        3
 Tukima's Dance           Hex            0%         N/A       100%        3
 Dispel Undead            Necr           0%         3d6       100%        4
 Flame Wave               Conj/Fire      0%         2d4       100%        4
 Petrify                  Tmut/Erth      0%         N/A       100%        4
 Irradiate                Conj/Tmut      0%         3d13      100%        5
 Death Channel            Necr           0%         N/A       100%        6


Dungeon Overview and Level Annotations

Branches:
Dungeon (7/15)             Temple (1/1) D:7

Altars:
Ashenzari
Cheibriados
Dithmenos
Elyvilon
Fedhas
Gozag
Hepliaklqana
Kikubaaqudgha
Nemelex Xobeh
Okawaru
Qazlal
Trog
Uskayaw
Wu Jian
Xom
Yredelemnul
The Shining One

Shops:
D:1 (   D:4 =

Annotations:
D:7 Harold


Message History

Harold hits you with a +0 long sword of holy wrath!
You slash Harold!
Harold is lightly wounded.
Harold zaps a wand.
You resist with almost no effort.
Harold hits you with a +0 long sword of holy wrath!!
You slash Harold!
Harold is moderately wounded.
Harold hits you with a +0 long sword of holy wrath.
You slash Harold!
Harold is moderately wounded.
Harold zaps a wand.
You resist with almost no effort.
You slash Harold!
Harold is heavily wounded.
Harold zaps a wand.
You resist with almost no effort.
The now-empty wand crumbles to dust.
You barely miss Harold.
Harold is heavily wounded.
Harold hits you with a +0 long sword of holy wrath!
You are too injured to fight recklessly!
You are too injured to fight recklessly!
You are too injured to fight recklessly!
You are too injured to fight recklessly!
You are too injured to fight recklessly!
You are too injured to fight recklessly!
You are too injured to fight recklessly!
You are too injured to fight recklessly!
You are too injured to fight recklessly!
You are too injured to fight recklessly!
You feel very mighty all of a sudden.
Harold hits you with a +0 long sword of holy wrath!
* * * LOW HITPOINT WARNING * * *
You barely miss Harold.
Harold is heavily wounded.
Harold hits you with a +0 long sword of holy wrath!
* * * LOW HITPOINT WARNING * * *
You slash Harold!
Harold is heavily wounded.
Harold says, "Listen, it's nothing personal.
It's just a job."
Harold hits you with a +0 long sword of holy wrath!
You die...

######## ####....##.#..####
#######.................
#.....#......###........
#.....#......#..........
#.[...#...............##
#.....#...#...#....#####
##.........#.⌠.#...##....
###........###...###)#..###
#.........@@........[..##
##..........⌠..>..))....###
#...................)##....
#..........###...###.###...
#............#.⌠.#..).....(
#............#...#....##...
#.....................##≈..
##........########....#####
..........# ######


You could see Harold.

Vanquished Creatures
  Grinder (D:4)
  Sigmund (D:4)
  Edmund (D:4)
  2 sky beasts
  A hornet zombie (D:4)
  An ice beast (D:7)
  A bullfrog (D:4)
  A wyvern zombie (D:6)
  A scorpion (D:7)
  2 water moccasin skeletons
  A howler monkey (D:4)
  2 bullfrog zombies
  A centaur zombie (D:6)
  A jelly (D:6)
  A gnoll shaman (D:4)
  2 orc priests
  5 hounds
  4 iguanas
  2 orc wizards (D:7)
  Robin (D:2)
  8 gnolls (D:7)
  12 adders
  A shadow imp (D:5)
  2 ufetubi
  A worm (D:4)
  5 dart slugs
  13 orcs
  5 endoplasms
  A giant cockroach (D:1)
  11 goblins
  8 hobgoblins
  8 jackals (D:3)
  8 kobolds
  5 quokkas
  6 ball pythons
  3 bats (D:2)
  7 frilled lizards
  7 rats
143 creatures vanquished.

Notes
Turn   | Place    | Note
-------+----------+-------------------------------------------
     0 | D:1      | Ijustatesigmund the Hill Orc Fighter began the quest for
                  | the Orb.
     0 | D:1      | Reached XP level 1. HP: 19/19 MP: 1/1
    46 | D:1      | Reached skill level 3 in Axes
   326 | D:1      | Reached XP level 2. HP: 23/26 MP: 2/2
   365 | D:1      | Found Yczeidig's Weapon Shop.
   451 | D:1      | Reached skill level 4 in Axes
   732 | D:1      | Found a faded altar of an unknown god.
   989 | D:2      | Reached XP level 3. HP: 31/31 MP: 3/3
  1200 | D:2      | Reached skill level 5 in Axes
  1530 | D:2      | Reached XP level 4. HP: 39/39 MP: 4/4
  1662 | D:2      | Noticed Robin
  1679 | D:2      | Killed Robin
  1680 | D:2      | Reached skill level 6 in Axes
  1887 | D:2      | Got the Disquisition on Entrancing Ignition
  1953 | D:2      | You fall into a shaft and drop 1 floor!
  2057 | D:3      | Reached XP level 5. HP: 37/45 MP: 5/5
  2240 | D:3      | Noticed a sky beast
  2248 | D:3      | Killed a sky beast
  2249 | D:3      | Reached skill level 7 in Axes
  2328 | D:3      | Reached XP level 6. HP: 51/53 MP: 6/6
  2640 | D:4      | Found Angacom's Jewellery Shop.
  2817 | D:4      | Noticed Sigmund
  2827 | D:4      | Killed Sigmund
  2828 | D:4      | Reached skill level 5 in Fighting
  2828 | D:4      | Reached skill level 8 in Axes
  2828 | D:4      | Reached XP level 7. HP: 41/62 MP: 7/7
  3231 | D:4      | Noticed Grinder
  3232 | D:4      | Noticed Edmund
  3245 | D:4      | Killed Edmund
  3246 | D:4      | Reached skill level 9 in Axes
  3553 | D:4      | Found a blossoming altar of Fedhas.
  3920 | D:4      | Killed Grinder
  3921 | D:4      | Reached skill level 10 in Axes
  3921 | D:4      | Reached XP level 8. HP: 44/74 MP: 8/8
  4681 | D:5      | Entered Level 5 of the Dungeon
  5829 | D:6      | Found a white marble altar of Elyvilon.
  6092 | D:6      | Found an ancient bone altar of Kikubaaqudgha.
  6470 | D:7      | Reached skill level 11 in Axes
  6470 | D:7      | Reached skill level 5 in Armour
  6470 | D:7      | Reached XP level 9. HP: 72/82 MP: 9/9
  6478 | D:7      | Found a staircase to the Ecumenical Temple.
  6507 | Temple   | Entered the Ecumenical Temple
  6929 | Temple   | Became a worshipper of Cheibriados the Contemplative
  7038 | D:7      | Reached skill level 1 in Invocations
  7335 | D:7      | Noticed Harold
  7347 | D:7      | Slain by Harold

Illustrated notes

Levels and vault maps discovered:
D:1:      lemuel_arrival_broad_hall, layout_basic, serial_shops, shop,
          chequers_ecumenical_altar_island
D:2:      layout_loops_ring, uniq_robin
D:3:      minmay_door_path, layout_basic
D:4:      cheibrodos_pilgrimage, layout_gridville, fedhas_altar_2, serial_shops,
          nicolae_stop_n_shop_1, grunt_tough_drop, uniq_grinder, uniq_edmund,
          uniq_sigmund
D:5:      layout_loops_ring
D:6:      layout_rooms, lemuel_tele_altar, nicolae_elyvilon_peaceful_grove
D:7:      layout_rooms, nicolae_ru_path_of_blood,
          minmay_temple_entry_junction_2, uniq_harold
Temple:   minmay_temple_curvy_branch

Skill      XL: |  1  2  3  4  5  6  7  8  9 |
---------------+----------------------------+-----
Axes           | 3 4 5 6 7 8 10 11 | 11.3
Fighting       | 4 5 7 8 9 |  9.1
Armour         | 5 |  5.5
Invocations    | 1 |  1.7
Shields        | |  3.2

Action                   |  1- 3 |  4- 6 |  7- 9 || total
-------------------------+-------+-------+-------++-------
Melee: War axe           |    85 |   138 |   298 ||   521
  Use: Scroll            |     2 |     1 |    11 ||    14
       Potion            |       |       |     3 ||     3
Armor: Scale mail        |    30 |    56 |    52 ||   138
       Plate armour      |       |       |   120 ||   120
Dodge: Dodged            |    35 |    63 |    80 ||   178
Block: Buckler           |    23 |    27 |    35 ||    85
       Kite shield       |       |       |    75 ||    75

Table legend: (Time is in decaauts)
 A = Elapsed time spent in this place.
 B = Non-inter-level travel time spent in this place.
 C = Inter-level travel time spent in this place.
 D = Time resting spent in this place.
 E = Time spent auto-exploring this place.
 F = Levels seen in this place.
 G = Mean time per level.
                   A        B        C        D        E       F      G
               +--------+--------+--------+--------+--------+-----+--------+
         Total |   7510 |   7280 |    230 |   1181 |   4870 |   8 |  938.8 |
       Dungeon |   7059 |   6878 |    181 |   1181 |   4470 |   7 | 1008.4 |
        Temple |    450 |    401 |     49 |      0 |    400 |   1 |  450.0 |
               +--------+--------+--------+--------+--------+-----+--------+

Top non-repeatable levels by time:
     D:4: 1922 daAuts
     D:6: 1106 daAuts
     D:2: 1011 daAuts
     D:1: 983 daAuts
     D:3: 827 daAuts
     D:5: 619 daAuts
     D:7: 588 daAuts
  Temple: 450 daAuts
